 Dungeon Crawl Stone Soup version 0.21-a0-338-g36cf2fc (webtiles) character file.

56 Cecky the Magician (level 3, -5/24 HPs)
             Began as a Mummy Summoner on Oct 4, 2017.
             Slain by a gnoll
             ... wielding a +0 spear
              (11 damage)
             ... on level 2 of the Dungeon.
             The game lasted 00:13:28 (2740 turns).

Cecky the Magician (Mummy Summoner)                 Turns: 2740, Time: 00:13:29

Health: -5/24      AC:  4    Str: 11    XL:     3   Next: 69%
Magic:  3/8        EV: 12    Int: 15    God:
Gold:   29         SH:  0    Dex: 12    Spells: 6/9 levels left

rFire    x . .     SeeInvis .   (no weapon)
rCold    + . .     Gourm    .   (no shield)
rNeg     + + +     Faith    .   a - +0 robe
rPois    ∞         Spirit   .   (no helmet)
rElec    .         Reflect  .   (no cloak)
rCorr    .         Harm     .   (no gloves)
MR       .....                  g - +0 pair of boots
Stlth    ++........             (no amulet)
HPRegen  0.08/turn              e - +1 ring of protection
MPRegen  0.11/turn              (no ring)

@: no status effects
A: no food or potions, fire vulnerability, cold resistance 1, negative energy
resistance 3, torment resistance, unbreathing
a: no special abilities


You were on level 2 of the Dungeon.
You were not hungry.

You visited 1 branch of the dungeon, and saw 2 of its levels.

You collected 29 gold pieces.

Inventory:

Missiles
 i - 8 curare-tipped needles
 j - 15 stones (quivered)
Armour
 a - a +0 robe (worn)
 g - a +0 pair of boots (worn)
Jewellery
 e - a +1 ring of protection (left hand)
 k - an uncursed ring of see invisible {unknown}
Scrolls
 c - 2 scrolls of remove curse {unknown}
 d - a scroll of fear {unknown}
 f - 2 scrolls of amnesia {unknown}
 h - a scroll of enchant weapon
Books
 b - a book of Callings

   Spells                             Type                      Level
   a - Summon Small Mammal            Summoning                    1
   b - Call Imp                       Summoning                    2
   c - Call Canine Familiar           Summoning                    3
   d - Summon Guardian Golem          Hexes/Summoning              3
   e - Summon Lightning Spire         Summoning/Air                4
   f - Summon Ice Beast               Ice/Summoning                4


   Skills:
 + Level 1.8 Dodging
 - Level 1.5 Stealth
 + Level 3.9 Spellcasting
 + Level 3.9 Summonings


You had 6 spell levels left.
You knew the following spells:

 Your Spells              Type           Power        Failure   Level  Hunger
a - Summon Small Mammal   Summ           ##..         3%          1    N/A
b - Call Imp              Summ           ##......     5%          2    N/A

Dungeon Overview and Level Annotations

Branches:
Dungeon (2/15)

Altars:


Innate Abilities, Weirdness & Mutations

You do not eat or drink.
Your flesh is vulnerable to fire.
You are immune to poison.
Your flesh is cold resistant. (rC+)
You are immune to negative energy. (rN+++)
You are immune to unholy pain and torment.
You can survive without breathing.


Message History

Confirm with . or Enter, or press ? or * to list all spells.
A beastly little devil appears in a puff of flame.
What are your orders? t - Shout!
Orders for allies: a - Attack new target. r - Retreat! s - Stop attacking. g - Guard the area. f - Follow me.
Anything else - Cancel.
Gang up on whom?
Press: ? - help, Dir - move target cursor, f - gnoll
Aim: a gnoll Attack!
The gnoll shouts!
You hear a shout!
Something hits you! Something hits you.
* * * LOW HITPOINT WARNING * * *
Your crimson imp barely misses something.
Your shadow imp gestures at the gnoll.
Something hits you!
You die...

#.............
##.............
#...............
##.........Kr...
#####...).>.........
#####..................
...S..Z....$.....# ..
#.######....#.# ###<#
###5@..# #..r#
##55...... #.###
#.###.##. #÷### ##g# ..
#...########.g# ..
#....§r.......#####
#...####..........### .
##### #....g.......#..
#....÷†.........


You could see 3 gnolls, a friendly crimson imp, a friendly white imp and a
friendly shadow imp.

Vanquished Creatures
  A giant cockroach (D:1)
  A frilled lizard (D:2)
2 creatures vanquished.

Vanquished Creatures (collateral kills)
  A bullfrog skeleton (D:2)
  3 adders (D:2)
  A worm (D:2)
  2 leopard geckos
  6 bats
  A giant cockroach (D:1)
  5 goblins
  7 hobgoblins
  6 kobolds
  A quokka (D:2)
  A frilled lizard (D:2)
  3 rats (D:1)
37 creatures vanquished.

Grand Total: 39 creatures vanquished

Notes
Turn   | Place    | Note
-------+----------+-------------------------------------------
     0 | D:1      | Cecky the Mummy Summoner began the quest for the Orb.
     0 | D:1      | Reached XP level 1. HP: 13/13 MP: 4/4
   837 | D:1      | Reached XP level 2. HP: 19/19 MP: 0/6
  1221 | D:1      | Learned a level 2 spell: Call Imp
  2019 | D:2      | Reached XP level 3. HP: 24/24 MP: 1/8
  2740 | D:2      | Slain by a gnoll

Vault maps used:
D:1:      dpeg_arrival_shrine
D:2:      cheibrodos_helix_gallery, minitemple, first_bread,
          serial_bayou_pond_d, serial_park_tiny_2

Skill      XL: |  1 |
---------------+----+-----
Spellcasting   | 3 |  3.9
Dodging        | |  1.8
Stealth        | |  1.5
Summonings     | |  3.9

Action                   || total
-------------------------++-------
Melee: Unarmed           ||    19
 Cast: Summon Small Mamm ||    92
       Call Imp          ||    13
  Use: Scroll            ||     2
 Stab: Distracted        ||     1
Armor: Robe              ||    34
Dodge: Dodged            ||    72

Table legend:
 A = Spawn XP
 B = Non-spawn XP
 C = Spawn XP percentage of total XP
 D = Spawn monster count
 E = Non-spawn monster count
 F = Spawn count percentage of total count
 G = Total turns spent on level
                    A         B        C        D         E        F      G
               +---------+---------+-------+---------+---------+-------+---------
         Total |       0 |      80 |   0.0 |       0 |      39 |   0.0 |  2740
               +---------+---------+-------+---------+---------+-------+---------
           D:1 |       0 |      25 |   0.0 |       0 |      24 |   0.0 |  2276
           D:2 |       0 |      55 |   0.0 |       0 |      15 |   0.0 |   464
               +---------+---------+-------+---------+---------+-------+---------
